 Dungeon Crawl Stone Soup version 0.19.1-1-g22dce08 (webtiles) character file.

225 Goblin1989 the Firebug (level 5, -1/35 HPs)
             Began as a Demonspawn Fire Elementalist on Dec 30, 2016.
             Was an Initiate of Vehumet.
             Slain by an iguana (15 damage)
             ... on level 4 of the Dungeon.
             The game lasted 00:37:51 (4993 turns).

Goblin1989 the Firebug (DsFE)                       Turns: 4993, Time: 00:37:52

Health: -1/35      AC:  5    Str:  8    XL:     5   Next: 68%
Magic:  1/8        EV: 12    Int: 18    God:    Vehumet [......]
Gold:   152        SH:  0    Dex: 13    Spells: 3 memorised, 2 levels left

rFire  . . .     SeeInvis .     t - +0 short sword
rCold  . . .     Gourm    .     a - +0 robe
rNeg   . . .     Faith    .     (no shield)
rPois  .         Spirit   .     (no helmet)
rElec  .         Reflect  .     (no cloak)
rCorr  .         Harm     .     (no gloves)
MR     .....                    s - +0 pair of boots
Stlth  ++........               (no amulet)
                                (no ring)
                                (no ring)

@: no status effects
A: claws 1, iridescent scales 1
a: Renounce Religion


You were on level 4 of the Dungeon.
You worshipped Vehumet.
Vehumet was noncommittal.
You were not hungry.

You visited 1 branch of the dungeon, and saw 4 of its levels.

You collected 152 gold pieces.

Inventory:

Hand Weapons
 t - a +0 short sword (weapon)
 y - a +0 hand crossbow
Missiles
 e - 63 stones (quivered)
 l - 14 bolts
 m - 37 arrows
Armour
 a - a +0 robe (worn)
 s - a +0 pair of boots (worn)
Jewellery
 r - a cursed -3 ring of slaying {unknown}
Scrolls
 d - 2 scrolls of remove curse {unknown}
 g - a scroll of random uselessness {unknown}
 h - a scroll of fog {unknown}
 j - 2 scrolls of magic mapping {unknown}
 k - 3 scrolls of noise {unknown}
 n - 6 scrolls of identify {unknown}
 o - a scroll of fear {unknown}
 q - a scroll of teleportation {unknown}
 x - a scroll of amnesia {unknown}
Potions
 f - 2 potions of degeneration {unknown}
 i - 2 potions of invisibility {unknown}
 p - a potion of might {unknown}
 u - 2 potions of cancellation {unknown}
 v - 2 potions of haste {unknown}
 z - a potion of heal wounds {unknown}
Books
 b - a book of Flames

   Spells                             Type                      Level
   a - Flame Tongue                   Conjuration/Fire             1
   b - Throw Flame                    Conjuration/Fire             2
   c - Conjure Flame                  Conjuration/Fire             3
   d - Inner Flame                    Hexes/Fire                   3
   e - Sticky Flame                   Conjuration/Fire             4
   f - Fireball                       Conjuration/Fire             5
Comestibles
 c - a bread ration {@e1}


   Skills:
 - Level 1.7 Dodging
 - Level 1.7 Stealth
 + Level 2.6 Spellcasting
 * Level 3.9 Conjurations
 * Level 4.2 Fire Magic


You had 2 spell levels left.
You knew the following spells:

 Your Spells              Type           Power        Failure   Level  Hunger
a - Flame Tongue          Conj/Fire      ###..        3%          1    #......
b - Inner Flame           Hex/Fire       ##......     24%         3    ###....
j - Conjure Flame         Conj/Fire      ###.....     12%         3    ###....


Dungeon Overview and Level Annotations

Branches:
Dungeon (4/15)
 Temple: D:4-7

Altars:
Vehumet

Annotations:
D:2 1 runed door


Innate Abilities, Weirdness & Mutations

You have sharp fingernails.
You are partially covered in iridescent scales. (AC +2)


Message History

You take 8 damage, and have 25/35 hp.
MASSIVE DAMAGE!!
You now have 1/8 mp.
Casting: Flame Tongue
Confirm with . or Enter, or press ? or * to list all spells.
Aiming: Flame Tongue
Press: ? - help, Shift-Dir - straight line, f/p - iguana
Aim: an iguana (almost dead)
The flame tongue misses the iguana.
The iguana bites you!
* * * LOW HITPOINT WARNING * * *
You take 13 damage, and have 12/35 hp.
MASSIVE DAMAGE!!
You now have 0/8 mp.
Casting: Flame Tongue
Confirm with . or Enter, or press ? or * to list all spells.
Aiming: Flame Tongue
Press: ? - help, Shift-Dir - straight line, f/p - iguana
Aim: an iguana (almost dead)
The flame tongue hits the iguana.
The iguana is almost dead.
The iguana misses you.
You now have 0/8 mp.
The iguana bites you!
You die...

█ █.██... █.
███ .....█
...████..
█....████
......
█..?....█
█..███████.█
█.......██.█
█.█████....█


█l█ ████.█ ██@█ ███ █..█ ████████.██ █...<....█ █.████████ You could see an
iguana.

Vanquished Creatures
  An orc priest (D:3)
  Ijyb (D:2)
  3 adders
  A worm (D:2)
  3 dart slugs (D:1)
  6 leopard geckos
  12 orcs (D:3)
  5 giant cockroaches
  8 goblins
  14 hobgoblins
  13 jackals
  10 kobolds
  2 ball pythons (D:2)
  14 bats
  7 frilled lizards
  13 rats
113 creatures vanquished.

Notes
Turn   | Place    | Note
-------+----------+-------------------------------------------
     0 | D:1      | Goblin1989 the Demonspawn Fire Elementalist began the quest for the Orb.
     0 | D:1      | Reached XP level 1. HP: 13/13 MP: 3/3
   327 | D:1      | Gained mutation: You have sharp fingernails. [demonic ancestry]
   327 | D:1      | Reached XP level 2. HP: 19/19 MP: 3/5
   680 | D:1      | Reached skill level 3 in Fire Magic
   993 | D:1      | Gained mutation: You are partially covered in iridescent scales. (AC +2) [demonic ancestry]
   993 | D:1      | Reached XP level 3. HP: 12/24 MP: 1/6
  1973 | D:2      | Reached XP level 4. HP: 30/30 MP: 4/7
  2027 | D:2      | Learned a level 3 spell: Conjure Flame
  2031 | D:2      | Learned a level 3 spell: Inner Flame
  2252 | D:2      | Found a runed door.
  2407 | D:2      | Noticed Ijyb
  2439 | D:2      | Killed Ijyb
  2900 | D:3      | Found a faded altar of an unknown god.
  3256 | D:3      | Reached XP level 5. HP: 31/35 MP: 5/8
  3297 | D:3      | Reached skill level 4 in Fire Magic
  4439 | D:4      | Noticed an ogre
  4629 | D:2      | Found a faded altar of an unknown god.
  4629 | D:2      | Found a faded altar of an unknown god.
  4634 | D:2      | Found a faded altar of an unknown god.
  4636 | D:2      | Found a faded altar of an unknown god.
  4639 | D:2      | Found a radiant altar of Vehumet.
  4642 | D:2      | Became a worshipper of Vehumet
  4993 | D:4      | Slain by an iguana

Skill      XL: |  1  2  3  4  5 |
---------------+----------------+-----
Conjurations   | 2 3 |  3.9
Fire Magic     | 3 4 |  4.2
Dodging        | |  1.7
Stealth        | |  1.7
Spellcasting   | |  2.6

Action                   |  1- 3 |  4- 6 || total
-------------------------+-------+-------++-------
Melee: Unarmed           |     3 |       ||     3
       Short sword       |       |    31 ||    31
Throw: Stone             |       |     3 ||     3
 Cast: Flame Tongue      |    78 |   149 ||   227
  Eat: Chunk             |     4 |    10 ||    14
Armor: Robe              |    12 |    34 ||    46
Dodge: Dodged            |    23 |    76 ||    99

Vault maps used:
D:1:      dpeg_arrival_round_c, minmay_surrounded
D:2:      chequers_temple_overflow_minitemple, uniq_iyjb,
          uniq_crazy_yiuf_cottage
D:3:      wad_river_or_something, ecumenical_altar_2
D:4:      first_bread, uniq_eustachio
